 Dungeon Crawl Stone Soup version 0.31-a0-233-g139696dc86 (webtiles) character file.

Game seed: 10502834262536717385

216 qw the Shooter (level 5, -4/45 HPs)
             Began as a Minotaur Hexslinger on July 8, 2023.
             Slain by Sigmund
             ... wielding a +0 scythe
              (8 damage)
             ... on level 3 of the Dungeon.
             The game lasted 00:00:47 (1954 turns).

qw the Shooter (Minotaur Hexslinger)                Turns: 1954, Time: 00:00:47

Health: -4/45      AC:  7    Str: 13    XL:     5   Next: 61%
Magic:  5/5        EV: 12    Int: 10    God:
Gold:   102        SH:  0    Dex: 14    Spells: 5/6 levels left

rFire   . . .        Y - +1 sling (chaos)
rCold   + . .        (no shield)
rNeg    . . .        k - +0 leather armour
rPois   .            (helmet restricted)
rElec   .            c - +2 cloak {rCorr}
rCorr   +            n - +0 pair of gloves
SInv    .            (no boots)
Will    .....        (no amulet)
Stlth   +            h - ring of protection from cold
HPRegen 0.27/turn    (no ring)
MPRegen 0.09/turn

%: no passive effects
@: no status effects
A: horns 2, retaliatory headbutt
a: no special abilities


You were on level 3 of the Dungeon.
You visited 1 branch of the dungeon, and saw 3 of its levels.

You collected 102 gold pieces.


Innate Abilities, Weirdness & Mutations

You have a pair of horns on your head.
You reflexively headbutt those who attack you in melee.


   Skills:
 - Level 3.2 Fighting
 + Level 5.5 Ranged Weapons
 - Level 1.5 Armour
 - Level 2.1 Dodging
 - Level 1.0 Spellcasting
 - Level 2.0 Hexes


You had 5 spell levels left.
You knew the following spells:

 Your Spells              Type           Power      Damage    Failure   Level
a - Slow                  Hex            16%        N/A       19%         1

Your spell library contained the following spells:

 Spells                   Type           Power      Damage    Failure   Level
 Inner Flame              Hex/Fire       2%         N/A       65%         3
 Portal Projectile        Hex/Tloc       4%         N/A       65%         3
 Cause Fear               Hex            2%         N/A       88%         4

Inventory:

Hand Weapons
 Y - a +1 sling of chaos (weapon)
Armour
 c - a +2 cloak of preservation (worn)
 k - a +0 leather armour (worn)
 n - a +0 pair of gloves (worn)
Jewellery
 h - a ring of protection from cold (left hand)
Wands
 d - a wand of digging (5)
Scrolls
 a - a scroll of identify
 b - a scroll of enchant weapon {unknown}
Potions
 e - a potion of curing
 f - 3 potions of heal wounds
 i - a potion of haste {unknown}
 j - a potion of enlightenment
 m - a potion of degeneration {unknown}

Dungeon Overview and Level Annotations

Branches:
Dungeon (3/15)

Altars:
Nemelex Xobeh
The Shining One

Annotations:
D:2 1 runed translucent door, Crazy Yiuf
D:3 Sigmund


Message History

The sling bullet closely misses Sigmund.
You shoot a sling bullet. The sling bullet barely misses Sigmund.
You shoot a sling bullet. The sling bullet hits Sigmund.
Sigmund's magic leaks into the air.
Sigmund is heavily wounded.
Sigmund's magic is no longer disrupted.
Sigmund mumbles some strange words.
Sigmund flickers and vanishes!
Deactivating autopickup; reactivate with Ctrl-A.
You shoot a sling bullet.
A puff of flame appears from out of thin air!
The puff of flame hits you!
You shoot a sling bullet.
You hear some strange, mumbled words.
Something tries to affect you, but you resist.
You shoot a sling bullet. Something hits you.
You shoot a sling bullet. You shoot a sling bullet. Something hits you!
You shoot a sling bullet. Something hits you!
You shoot a sling bullet.
Nothing appears to happen.
You shoot a sling bullet. Something hits you but does no damage.
You shoot a sling bullet. Something completely misses you.
You shoot a sling bullet. You shoot a sling bullet. Something hits you.
You shoot a sling bullet. Something hits you but does no damage.
You shoot a sling bullet. Something hits you.
You shoot a sling bullet. Something hits you.
You shoot a sling bullet. You shoot a sling bullet. Something hits you!
You die...

# .. ## .. ##.
###.####$. .........
........### ..)..{%@..#
. ........#.##########
. ...................#
. ....................
. ^.......#..........#
. . ..........##.#..###
.. .
...................#...
.
........##.............
....
.........##.........#.


There were no monsters in sight!

Vanquished Creatures
  Jessica (D:2)
  An orc wizard (D:3)
  Natasha (thrice) (D:3)
  3 adders (D:2)
  3 worms (D:3)
  A dart slug (D:3)
  4 orcs (D:3)
  3 ball pythons
  4 endoplasms
  3 giant cockroaches (D:1)
  5 hobgoblins
  3 jackals (D:3)
  2 quokkas
  4 bats
  A frilled lizard (D:2)
  3 goblins
  4 kobolds
  3 rats
51 creatures vanquished.

Vanquished Creatures (others)
  A hobgoblin zombie (D:3)
1 creature vanquished.

Grand Total: 52 creatures vanquished

Notes
Turn   | Place    | Note
-------+----------+-------------------------------------------
     0 | D:1      | qw the Minotaur Hexslinger began the quest for the Orb.
     0 | D:1      | Reached XP level 1. HP: 16/16 MP: 1/1
     0 | D:1      | 0 ||| qw: Version: 0.3-a-46-gb1f654a
     0 | D:1      | 0 ||| qw: Game counter: 3579
     0 | D:1      | 0 ||| qw: Melee chars always use a shield: true
     0 | D:1      | 0 ||| qw: God list: Okawaru
     0 | D:1      | 0 ||| qw: Allow faded altars: false
     0 | D:1      | 0 ||| qw: Do Orc after clearing Dungeon:15 true
     0 | D:1      | 0 ||| qw: Do second Lair branch before Depths: true
     0 | D:1      | 0 ||| qw: Lair rune preference: random
     0 | D:1      | 0 ||| qw: Goals: Normal
     0 | D:1      | 0 ||| PLANNING D:1-11
   169 | D:1      | Reached skill level 3 in Ranged Weapons
   272 | D:1      | Reached XP level 2. HP: 23/23 MP: 2/2
   554 | D:1      | 554 ||| UPGRADING to ring of protection from cold.
   555 | D:1      | 555 ||| READING scroll labelled UDIEJI VIYTT.
   556 | D:1      | 556 ||| READING scroll labelled ANUARO ROGGECW.
   557 | D:1      | 557 ||| READING scroll labelled HIKACOSS IDIE.
   558 | D:1      | 558 ||| DROPPING scroll of poison.
   585 | D:2      | Noticed Jessica
   587 | D:2      | Killed Jessica
   588 | D:2      | Reached skill level 3 in Fighting
   588 | D:2      | Reached XP level 3. HP: 31/31 MP: 3/3
   663 | D:2      | Found a faded altar of an unknown god.
   960 | D:2      | Reached XP level 4. HP: 38/38 MP: 4/4
  1023 | D:2      | Found a runed translucent door.
  1024 | D:2      | Noticed Crazy Yiuf
  1156 | D:2      | Reached skill level 4 in Ranged Weapons
  1406 | D:2      | 1406 ||| UPGRADING to +0 leather armour.
  1416 | D:2      | 1416 ||| DROPPING +0 robe.
  1417 | D:2      | 1417 ||| UPGRADING to +0 pair of gloves.
  1422 | D:2      | 1422 ||| READING scroll labelled FINATU IQYOR.
  1423 | D:2      | 1423 ||| READING scroll labelled ENEJOG EZU GISH.
  1423 | D:2      | Identified a scroll of acquirement
  1423 | D:2      | 1423 ||| ACQUIRING +2 cloak of preservation
  1423 | D:2      | Acquired a +2 cloak of preservation
  1425 | D:2      | 1425 ||| UPGRADING to +2 cloak of preservation.
  1430 | D:2      | 1430 ||| READING scroll labelled HIFUHIU CARECS.
  1431 | D:2      | 1431 ||| DRINKING 2 emerald potions.
  1432 | D:2      | 1432 ||| READING 3 scrolls of identify.
  1432 | D:2      | 1432 ||| IDENTIFYING fuming pink potion
  1433 | D:2      | 1433 ||| READING 2 scrolls of identify.
  1433 | D:2      | 1433 ||| IDENTIFYING ruby potion
  1434 | D:2      | 1434 ||| DROPPING potion of attraction.
  1562 | D:3      | Found a glowing golden altar of the Shining One.
  1739 | D:3      | Found a sparkling altar of Nemelex Xobeh.
  1762 | D:3      | Reached skill level 5 in Ranged Weapons
  1762 | D:3      | Reached XP level 5. HP: 45/45 MP: 5/5
  1766 | D:3      | Noticed Natasha
  1769 | D:3      | Killed Natasha
  1770 | D:3      | Reached skill level 1 in Armour
  1829 | D:3      | Noticed Natasha
  1845 | D:3      | Killed Natasha
  1867 | D:3      | Noticed Natasha
  1876 | D:3      | Killed Natasha
  1933 | D:3      | Noticed Sigmund
  1951 | D:3      | HP: 9/45 [something (5)]
  1952 | D:3      | HP: 4/45 [something (6)]
  1954 | D:3      | Slain by Sigmund

Levels and vault maps discovered:
D:1:      dpeg_arrival_orchard, layout_loops_ring, minmay_misc_feat_five
D:2:      layout_basic, dreamdust_ecumenical_altar_statues,
          uniq_crazy_yiuf_cottage, uniq_jessica
D:3:      layout_rooms, mainiacjoe_overflow_brackets,
          nicolae_overflow_hidden_temple, nemelex_dance_club_becter,
          nicolae_wormholes, uniq_sigmund, uniq_natasha

Skill      XL: |  1  2  3  4  5 |
---------------+----------------+-----
Ranged Weapons | 3 5 |  5.5
Fighting       | 3 |  3.2
Armour         | 1 |  1.5
Dodging        | |  2.1
Spellcasting   | |  1.0
Hexes          | |  2.0

Action                     |  1- 3 |  4- 6 || total
---------------------------+-------+-------++-------
   Fire: Sling             |    73 |   115 ||   188
    Use: Scroll            |     3 |     5 ||     8
         Potion            |       |     1 ||     1
 Armour: Robe              |     6 |       ||     6
         Leather armour    |       |    16 ||    16
  Dodge: Dodged            |    15 |    32 ||    47

Table legend:
 A = Non-vault XP
 B = Vault XP
 C = Vault XP percentage of total XP
 D = Non-vault monster count
 E = Vault monster count
 F = Vault count percentage of total count
                 A         B        C        D         E       F
            +---------+---------+-------+---------+---------+-------
      Total |     222 |      87 |  28.2 |      45 |       6 |  11.8
            +---------+---------+-------+---------+---------+-------
        D:1 |      20 |       0 |   0.0 |      12 |       0 |   0.0
        D:2 |      56 |      37 |  39.8 |      14 |       1 |   6.7
        D:3 |     146 |      50 |  25.5 |      19 |       5 |  20.8
            +---------+---------+-------+---------+---------+-------
